 Dungeon Crawl Stone Soup version 0.29.0-10-g45618ea6d2 (webtiles) character file.

Game seed: 11976325496407825348

109 gelatine the Trooper (level 4, -1/41 HPs)
             Began as a Hill Orc Fighter on Sept 2, 2022.
             Slain by an orc
             ... wielding a +0 flail
              (3 damage)
             ... on level 3 of the Dungeon.
             The game lasted 00:06:17 (2338 turns).

gelatine the Trooper (Hill Orc Fighter)             Turns: 2338, Time: 00:06:17

Health: -1/41      AC: 10    Str: 20    XL:     4   Next: 90%
Magic:  4/4        EV:  9    Int:  8    God:
Gold:   148        SH:  0    Dex: 10    Spells: 3/3 levels left

rFire   . . .      SeeInvis .   a - +0 war axe
rCold   . . .      Faith    .   c - +0 buckler
rNeg    . . .      Spirit   .   b - +0 scale mail
rPois   .          Reflect  .   q - +0 helmet
rElec   .          Harm     .   t - +0 cloak
rCorr   .          Rampage  .   j - +0 pair of gloves
Will    .....                   (no boots)
Stlth   ..........              (no amulet)
HPRegen 0.13/turn               (no ring)
MPRegen 0.09/turn               (no ring)

@: confused
A: no striking features
a: no special abilities


You were on level 3 of the Dungeon.
You visited 1 branch of the dungeon, and saw 3 of its levels.

You collected 148 gold pieces.

Inventory:

Hand Weapons
 a - a +0 war axe (weapon)
Missiles
 r - 3 poisoned darts (quivered)
 u - 3 boomerangs
 v - 2 atropa-tipped darts
Armour
 b - a +0 scale mail (worn)
 c - a +0 buckler (worn)
 j - a +0 pair of gloves (worn)
 q - a +0 helmet (worn)
 t - a +0 cloak (worn)
Scrolls
 e - a scroll of amnesia {unknown}
 f - 2 scrolls of noise {unknown}
 g - a scroll of magic mapping {unknown}
 h - a scroll of identify {unknown}
 i - a scroll of enchant armour {unknown}
 o - 3 scrolls of teleportation {unknown}
 p - 2 scrolls of fog {unknown}
 s - a scroll of immolation {unknown}
Potions
 d - a potion of might
 k - a potion of flight {unknown}
 l - a potion of brilliance {unknown}
 m - a potion of invisibility {unknown}
 n - 2 potions of degeneration {unknown}


   Skills:
 + Level 4.4 Fighting
 + Level 4.3 Axes
 + Level 4.1 Armour
 + Level 0.4 Dodging
 + Level 0.2 Stealth
 + Level 3.6 Shields


You had 3 spell levels left.
You didn't know any spells.
Your spell library was empty.

Dungeon Overview and Level Annotations

Branches:
Dungeon (3/15)

Altars:
Kikubaaqudgha
Qazlal

Shops:
D:2 =


Message History

The orc barely misses you.
The orc throws a boomerang.
The boomerang hits you but does no damage.
The orc priest hits you but does no damage.
Unknown command.
You slash the orc wizard!
The orc wizard is severely wounded.
You closely miss the orc.
You hit the orc priest but do no damage.
The orc priest shouts, "Beogh is our master!
Accept the truth or die!"
You block the orc wizard's attack. The orc barely misses you.
The orc throws a boomerang.
The boomerang hits you but does no damage.
The orc priest hits you with a +0 short sword.
* * * LOW HITPOINT WARNING * * *
You barely miss the orc wizard.
The orc wizard is severely wounded.
You closely miss the orc. You completely miss the orc priest.
The orc wizard mumbles some strange words.
The orc wizard flickers and vanishes!
Deactivating autopickup; reactivate with Ctrl-A.
The orc hits you with a +0 flail.
* * * LOW HITPOINT WARNING * * *
The orc priest shouts, "Surrender to Beogh and we'll let you live!"
You block the orc priest's attack.
The orc throws a boomerang.
The boomerang hits you but does no damage.
The orc priest hits you but does no damage.
The orc throws a boomerang.
The boomerang barely misses you. Something hits you but does no damage.
The orc hits you but does no damage.
You slash the orc priest!
You kill the orc priest!
You miss something. You closely miss the orc.
You hear some strange, mumbled words.
You are confused.
The orc hits you with a +0 flail.
* * * LOW HITPOINT WARNING * * *
The orc throws a boomerang.
The boomerang closely misses you. Something hits you.
* * * LOW HITPOINT WARNING * * *
The orc hits you with a +0 flail.
You die...

...#####+## ...# .#
#........... ...#####.#
#........... ###......#
#........... ....###..#
......... ######...####
....... ....))).....#
#....# .......
...#####....# #.o..#
....... .###...###..#
#.@{.# ..... ###......#..#
#).o.# ..#...#
#...###.....# #....#
..#...# ...######..##
#....# ...#...#
.###...###.# #....#
..##...## ##..._.....#
#....#..##.._..##
.........#.#
#....#.##...^...##
#.....#..#.#
#.....##...###...##
#.....+..#.######..##...##
##...#


You could see 2 orcs.

Vanquished Creatures
  An orc priest (D:3)
  3 adders
  4 orcs (D:3)
  2 bats
  5 endoplasms (D:3)
  4 giant cockroaches
  6 goblins
  A hobgoblin (D:1)
  3 jackals (D:1)
  4 quokkas
  3 ball pythons
  6 frilled lizards
  2 kobolds
  2 rats
46 creatures vanquished.

Notes
Turn   | Place    | Note
-------+----------+-------------------------------------------
     0 | D:1      | gelatine the Hill Orc Fighter began the quest for the Orb.
     0 | D:1      | Reached XP level 1. HP: 19/19 MP: 1/1
   209 | D:1      | Reached XP level 2. HP: 22/27 MP: 2/2
   821 | D:1      | Reached XP level 3. HP: 33/33 MP: 3/3
  1767 | D:2      | Found Ofoku's Jewellery Boutique.
  2091 | D:3      | Reached XP level 4. HP: 36/40 MP: 4/4
  2123 | D:3      | Found an ancient bone altar of Kikubaaqudgha.
  2167 | D:3      | Found a stormy altar of Qazlal.
  2291 | D:3      | Found a faded altar of an unknown god.
  2338 | D:3      | HP: 2/41 [something (2)]
  2338 | D:3      | Slain by an orc

Illustrated notes

Levels and vault maps discovered:
D:1:      kennysheep_arrival_seaside, layout_loops_cross
D:2:      layout_basic, serial_shops, shop, minmay_pentomino_p4
D:3:      layout_basic, mainiacjoe_overflow_catch_the_wave,
          hellmonk_ecumenical_altar_crossroads, item_on_display_a

Skill      XL: |  1  2  3  4 |
---------------+-------------+-----
Fighting       | 4 |  4.4
Axes           | 3 4 |  4.3
Armour         | 4 |  4.1
Dodging        | |  0.4
Stealth        | |  0.2
Shields        | |  3.6

Action                   |  1- 3 |  4- 6 || total
-------------------------+-------+-------++-------
Melee: War axe           |   102 |    19 ||   121
Throw: Dart              |     1 |       ||     1
Armor: Scale mail        |    53 |    22 ||    75
Dodge: Dodged            |    48 |    17 ||    65
Block: Buckler           |    24 |    10 ||    34
